 Dungeon Crawl Stone Soup version 0.29.1-15-g9cfb28693d (webtiles) character file.

Game seed: 11109001739080902062

4544 tizbic2 the Magician (level 10, -8/88 (92) HPs)
             Began as a Troll Conjurer on Apr 23, 2023.
             Was an Initiate of Gozag.
             Mangled by a death yak (20 damage)
             ... on level 8 of the Dungeon.
             The game lasted 00:37:05 (6866 turns).

tizbic2 the Magician (Troll Conjurer)               Turns: 6866, Time: 00:37:05

HP:   -8/88 (92)    AC:  9    Str: 17    XL:     10   Next: 17%
MP:   15/17         EV: 10    Int: 18    God:    Gozag
Gold: 1048          SH:  0    Dex: 14    Spells: 15/20 levels left

rFire   . . .      SeeInvis .   d - +2 halberd (holy)
rCold   . . .      Faith    .   (shield currently unavailable)
rNeg    . . .      Spirit   .   y - +0 robe
rPois   .          Reflect  .   (helmet restricted)
rElec   .          Harm     .   C - +0 cloak
rCorr   .          Rampage  .   (gloves unavailable)
Will    .....                   (boots unavailable)
Stlth   ++........              (no amulet)
HPRegen 1.04/turn               h - +4 ring of protection
MPRegen 0.15/turn               r - +6 ring of dexterity

@: gold aura, lightly drained
A: large, unfitting armour, claws 3, regeneration 1, shaggy fur 1, tough skin 1
a: Renounce Religion, Potion Petition, Call Merchant, Bribe Branch


You were on level 8 of the Dungeon.
You worshipped Gozag.
Gozag was most pleased with you.
You visited 2 branches of the dungeon, and saw 9 of its levels.
You also visited: Sewer.

You collected 1093 gold pieces.
You paid 45 gold pieces to Gozag.

Inventory:

Hand Weapons
 d - a +2 halberd of holy wrath (weapon)
 v - a +1 mace of protection
 B - a +0 giant club
 D - a +1 trident of pain
 E - a +0 flail of protection
 N - a +0 dire flail
Missiles
 q - 17 poisoned darts
 G - 3 atropa-tipped darts
Armour
 y - a +0 robe (worn)
 C - a +0 cloak (worn)
 M - the +1 robe "Zaczopn" {-Cast Str+8 Dex-3 SInv}
   (You found it on level 6 of the Dungeon)

   Str:       It affects your strength (+8).
   Dex:       It affects your dexterity (-3).
   SInv:      It lets you see invisible.
   -Cast:     It prevents spellcasting.
Magical Staves
 a - a staff of earth
 H - a staff of poison
Jewellery
 h - a +4 ring of protection (left claw)
 r - a +6 ring of dexterity (right claw)
 I - a +6 ring of intelligence
 P - a ring of willpower
Wands
 A - a wand of iceblast (14)
 K - a wand of polymorph (4)
 L - a wand of charming (6)
Scrolls
 e - a scroll of poison
 i - 2 scrolls of fog {unknown}
 l - 3 scrolls of silence
 o - 4 scrolls of amnesia {unknown}
 t - 2 scrolls of vulnerability {unknown}
 u - a scroll of teleportation
 x - 2 scrolls of fear
 F - 2 scrolls of identify
 O - a scroll of torment {unknown}
Potions
 b - a potion of magic
 c - 2 potions of might {unknown}
 f - 3 potions of curing
 g - a potion of flight {unknown}
 j - a potion of haste
 k - 4 potions of attraction {unknown}
 m - 2 potions of invisibility
 n - 3 potions of degeneration {unknown}
 s - a potion of resistance
 w - a potion of mutation
 z - 2 potions of cancellation {unknown}
 J - a potion of brilliance {unknown}


   Skills:
 + Level 4.0 Fighting
 * Level 5.0 Polearms
 - Level 1.6 Dodging
 - Level 1.0 Stealth
 - Level 5.4 Unarmed Combat
 * Level 5.5 Spellcasting
 + Level 5.5 Conjurations
 * Level 2.7 Air Magic


You had 15 spell levels left.
You knew the following spells:

 Your Spells              Type           Power      Damage    Failure   Level
a - Magic Dart            Conj           96%        1d7       1%          1
b - Searing Ray           Conj           48%        2d6       1%          2
c - Ensorcelled Hibernat  Hex/Ice        8%         N/A       19%         2

Your spell library contained the following spells:

 Spells                   Type           Power      Damage    Failure   Level
 Dazzling Flash           Conj/Hex       28%        N/A       12%         3
 Swiftness                Air            15%        N/A       12%         3
 Passwall                 Tmut/Erth      3%         N/A       19%         2
 Airstrike                Air            7%         2d(2-18)  36%         4
 Fulminant Prism          Conj/Hex       7%         3d7       38%         4
 Iskenderun's Mystic Bla  Conj/Tloc      14%        2d5       38%         4
 Lightning Bolt           Conj/Air       9%         1d22      54%         5
 Summon Lightning Spire   Summ/Air       9%         N/A       56%         4


Dungeon Overview and Level Annotations

Branches:
Dungeon (8/15)             Temple (1/1) D:4            Lair (0/5) D:8
  Sewer (visited)

Altars:
Cheibriados
Dithmenos
Elyvilon
Fedhas
Gozag
Hepliaklqana
Kikubaaqudgha
Makhleb
Nemelex Xobeh
Okawaru
Ru
Sif Muna
Trog
Uskayaw
Vehumet
Wu Jian
Yredelemnul
Zin

Annotations:
D:4 exclusion: statue
D:6 2 runed translucent doors
D:8 1 runed translucent door, Figureslego113's ghost, novice GnFi


Innate Abilities, Weirdness & Mutations

You are too large for most types of armour.
You have claws for hands.
Your natural rate of healing is unusually fast.
You are covered in fur. (AC +1)
You have tough skin. (AC +1)


Message History

The death yak is lightly wounded.
The searing ray hits the death yak.
The death yak is moderately wounded.
The searing ray hits the death yak but does no damage.
The death yak is lightly wounded.
The searing ray hits the wight.
The wight is moderately damaged.
You hit the death yak.
The death yak is moderately wounded.
The wight is distracted by your dazzling golden aura.
The death yak gores you but does no damage.
You puncture the death yak!
The death yak is moderately wounded.
The death yak gores you.
The death yak is distracted by your dazzling golden aura.
The death yak bellows!
You puncture the death yak!
The death yak is heavily wounded.
The death yak is no longer distracted by gold.
The death yak gores you! The death yak barely misses you.
You puncture the death yak!
The death yak is heavily wounded.
The death yak gores you but does no damage.
You barely miss the death yak.
The death yak is heavily wounded.
The wight is no longer distracted by gold.
The death yak gores you!
You puncture the death yak!
The death yak is severely wounded.
The rat is distracted by your dazzling golden aura.
The death yak gores you!
You puncture the death yak!
The death yak is severely wounded.
The death yak gores you!! x2
* * * LOW HITPOINT WARNING * * *
The rat is no longer distracted by gold.
The death yak is distracted by your dazzling golden aura.
The death yak attacks as you move away! The death yak gores you!!
You die...
Your body crumbles into a pile of gold.

#....Y.... . #.##.# ##.
#.###......... .#### #.##.#####..
#........Y.# #... ............
#...##r. #..## #.##.#####.#
#...##.# #..##.#.##.# #.#
#...##r#####..##.#.##.#####.#
##.....zYY$.................>#
####.....#######Y#####.##########
.........#######@#####.#
####...).............<.#
#.....#######.#######
#........)....# ###############


You could see a death yak.

Vanquished Creatures
  Pikel (D:5)
  Grinder (D:4)
  Eustachio (D:5)
  A steam dragon (D:6)
  Menkaure (D:5)
  A water moccasin (D:5)
  A sky beast (D:6)
  The ghost of sillygoose99 the Ogre Mage, an amateur OgHW (D:3)
  An ice beast (D:7)
  A black bear (D:4)
  2 ogres
  A centaur (D:5)
  2 phantoms
  3 lemures (D:5)
  A kobold brigand (D:6)
  4 scorpions
  6 bullfrogs
  6 necrophages
  9 wights (D:7)
  A centaur zombie (D:7)
  2 bullfrog zombies (D:7)
  A gnoll bouda (D:6)
  4 hounds (D:5)
  2 jellies
  4 orc priests
  5 iguanas
  6 orc wizards
  Ijyb (D:4)
  4 gnolls
  16 adders
  2 river rats
  2 shadow imps
  3 worms
  6 dart slugs
  14 orcs
  7 ball pythons
  9 bats
  2 bat zombies (D:7)
  14 endoplasms
  13 giant cockroaches
  9 goblins
  4 hobgoblins
  4 jackals (D:5)
  19 kobolds
  15 quokkas
  11 frilled lizards
  8 rats
  2 rat zombies (D:7)
  A bush (D:7)
235 creatures vanquished.

Vanquished Creatures (others)
  7 plants (D:7)
7 creatures vanquished.

Grand Total: 242 creatures vanquished

Notes
Turn   | Place    | Note
-------+----------+-------------------------------------------
     0 | D:1      | tizbic2 the Troll Conjurer began the quest for the Orb.
     0 | D:1      | Reached XP level 1. HP: 16/16 MP: 1/1
    80 | D:1      | Reached XP level 2. HP: 24/24 MP: 0/3
   220 | D:1      | Reached skill level 1 in Unarmed Combat
   249 | D:1      | Found a faded altar of an unknown god.
   487 | D:2      | Reached XP level 3. HP: 31/31 MP: 4/4
   727 | D:2      | Reached XP level 4. HP: 39/39 MP: 5/5
   982 | D:3      | Found a runed translucent door.
   982 | D:3      | Noticed sillygoose99's ghost (amateur OgHW)
  1019 | D:3      | Killed sillygoose99's ghost
  1020 | D:3      | Reached skill level 1 in Polearms
  1020 | D:3      | Reached XP level 5. HP: 17/45 MP: 5/7
  1262 | D:3      | Found a glowing drain.
  1266 | Sewer    | Entered a sewer
  1558 | Sewer    | Reached XP level 6. HP: 22/53 MP: 4/8
  2025 | D:3      | Found an opulent altar of Gozag.
  2037 | D:3      | Became a worshipper of Gozag Ym Sagoz the Greedy
  2458 | D:4      | Noticed Ijyb
  2524 | D:4      | Killed Ijyb
  2571 | D:4      | Reached XP level 7. HP: 47/61 MP: 8/10
  2608 | D:4      | Found a radiant altar of Vehumet.
  2765 | D:4      | Reached skill level 1 in Fighting
  2854 | D:4      | Noticed Grinder
  2858 | D:4      | Paralysed by Grinder for 2 turns
  2877 | D:4      | Paralysed by Grinder for 2 turns
  2906 | D:4      | Killed Grinder
  2907 | D:4      | Reached skill level 5 in Unarmed Combat
  2907 | D:4      | Reached XP level 8. HP: 50/70 MP: 10/12
  3067 | D:4      | Found an iron altar of Okawaru.
  3127 | D:4      | Found a staircase to the Ecumenical Temple.
  3144 | Temple   | Entered the Ecumenical Temple
  3408 | D:4      | Found a bloodstained altar of Trog.
  3518 | D:5      | Entered Level 5 of the Dungeon
  3518 | D:5      | Noticed Menkaure
  3532 | D:5      | Killed Menkaure
  3640 | D:5      | Learned a level 2 spell: Searing Ray
  3660 | D:5      | Noticed Eustachio
  3790 | D:5      | Noticed Pikel
  3820 | D:5      | Killed Pikel
  4067 | D:5      | Killed Eustachio
  4068 | D:5      | Reached XP level 9. HP: 54/80 MP: 0/14
  4668 | D:6      | Reached skill level 5 in Conjurations
  4796 | D:6      | Learned a level 2 spell: Ensorcelled Hibernation
  4926 | D:6      | Identified the +1 robe "Zaczopn" {-Cast Str+8 Dex-3 SInv}
  4954 | D:6      | Reached skill level 1 in Air Magic
  5110 | D:6      | Reached skill level 5 in Spellcasting
  5166 | D:6      | Found a runed translucent door.
  5171 | D:6      | Found a runed translucent door.
  5558 | D:7      | Found an ancient bone altar of Kikubaaqudgha.
  6304 | D:7      | Reached XP level 10. HP: 89/90 MP: 8/17
  6385 | D:7      | Found a blossoming altar of Fedhas.
  6472 | D:7      | Reached skill level 5 in Polearms
  6671 | D:8      | Found a sacrificial altar of Ru.
  6709 | D:8      | Found a runed translucent door.
  6710 | D:8      | Noticed Figureslego113's ghost (novice GnFi)
  6838 | D:8      | Found a staircase to the Lair.
  6838 | D:8      | Noticed a death yak
  6839 | D:8      | Noticed a death yak
  6844 | D:8      | Noticed a death yak
  6866 | D:8      | Mangled by a death yak

Illustrated notes

Levels and vault maps discovered:
D:1:      tarquinn_simple_flora_water_b, layout_rooms, basic_ecumenical_altar,
          solitary_fountain, glass_columns_a,
          hangedman_abyss_or_decor_lesser_grid
D:2:      layout_rooms, corexii_hall_statues_deadend, minmay_octomino_c4
D:3:      layout_basic, overflow_temple_1_default, lightli_sewer_entry_pipes,
          gammafunk_ghost_grave, minmay_guardbox
D:4:      layout_basic, okawaru_trees_2, lemuel_crystal_altar, vehumet_statue,
          minmay_temple_entry_enclosed_plants, serial_glass, glass_columns_c,
          glass_columns_c, grunt_ministairs_14, eino_tiny_chamber, uniq_grinder,
          uniq_ijyb
D:5:      minmay_diamond_boxcup, layout_basic, corner_web_ring, uniq_menkaure,
          uniq_pikel, uniq_eustachio
D:6:      lemuel_insect_pit, layout_basic
D:7:      layout_loops_ring, lemuel_zombie_altar_kikubaaqudgha,
          fedhas_altar_decomposition, skrybe_limestone_x, minivault_19,
          minmay_tree_intersection
D:8:      kennysheep_six_static_rooms, layout_loops_ring,
          nicolae_ru_great_annihilating_truth, dpeg_lair_monsters,
          ebering_ghost_inner_flame, uniq_erica
Temple:   chequers_temple_sunken

Skill      XL: |  1  2  3  4  5  6  7  8  9 10 |
---------------+-------------------------------+-----
Conjurations   | 3 4 5 |  5.5
Unarmed Combat | 1 2 3 4 5 |  5.4
Polearms       | 1 2 4 5 |  5.0
Spellcasting   | 2 3 4 5 |  5.5
Fighting       | 1 2 3 4 |  4.0
Air Magic      | 2 |  2.7
Dodging        | |  1.6
Stealth        | |  1.0

Action                   |  1- 3 |  4- 6 |  7- 9 | 10-12 || total
-------------------------+-------+-------+-------+-------++-------
Melee: Club              |    14 |       |       |       ||    14
       Unarmed           |    11 |       |       |       ||    11
       Mace              |    49 |   157 |   447 |       ||   653
       Punch             |     1 |    11 |    14 |       ||    26
       Falchion          |    33 |   251 |       |       ||   284
       Spear             |    32 |       |       |       ||    32
       Halberd           |       |       |    12 |   101 ||   113
 Cast: Magic Dart        |    21 |    62 |    18 |     1 ||   102
       Searing Ray       |       |       |    30 |     2 ||    32
       Ensorcelled Hiber |       |       |     2 |       ||     2
  Use: Scroll            |       |     2 |    10 |       ||    12
       Potion            |       |       |     3 |       ||     3
 Stab: Sleeping          |       |     5 |     2 |     1 ||     8
       Distracted        |       |       |     2 |     1 ||     3
       Invisible         |       |       |       |     1 ||     1
Armor: Robe              |    96 |   394 |   427 |    19 ||   936
       Skin              |       |       |    29 |       ||    29
Dodge: Dodged            |    76 |   354 |   366 |    31 ||   827
